 Dungeon Crawl Stone Soup version 0.21-a0-140-g479285b (webtiles) character file.

107 drasked the Firebug (level 4, -4/24 HPs)
             Began as a Deep Elf Fire Elementalist on July 22, 2017.
             Slain by a gnoll
             ... wielding a +0 spear
              (12 damage)
             ... on level 3 of the Dungeon.
             The game lasted 00:10:55 (2600 turns).

drasked the Firebug (Deep Elf Fire Elementalist)    Turns: 2600, Time: 00:10:56

Health: -4/24      AC:  3    Str:  5    XL:     4   Next: 57%
Magic:  5/10       EV: 13    Int: 21    God:
Gold:   228        SH:  0    Dex: 17    Spells: 3/9 levels left

rFire    . . .     SeeInvis .   d - +0 whip
rCold    . . .     Gourm    .   (no shield)
rNeg     . . .     Faith    .   a - +0 robe
rPois    .         Spirit   .   (no helmet)
rElec    .         Reflect  .   n - +0 cloak
rCorr    .         Harm     +   (no gloves)
MR       .....                  (no boots)
Stlth    ++........             g - amulet of harm
HPRegen  0.08/turn              h - +2 ring of dexterity
MPRegen  0.12/turn              (no ring)

@: very slightly contaminated
A: no striking features
a: no special abilities


You were on level 3 of the Dungeon.
You were not hungry.

You visited 1 branch of the dungeon, and saw 3 of its levels.

You collected 228 gold pieces.

Inventory:

Hand Weapons
 d - a +0 whip (weapon)
   (You found it on level 1 of the Dungeon)
Armour
 a - a +0 robe (worn)
 n - a +0 cloak (worn)
   (You found it on level 2 of the Dungeon)
Jewellery
 g - an amulet of harm (around neck)
   (You found it on level 1 of the Dungeon)
 h - a +2 ring of dexterity (left hand)
   (You found it on level 1 of the Dungeon)
 o - an uncursed amulet of the gourmand {unknown}
   (You found it on level 3 of the Dungeon)
Wands
 q - a wand of random effects (8/48)
   (You found it on level 3 of the Dungeon)
Scrolls
 f - 3 scrolls of teleportation
Potions
 e - a potion of heal wounds {unknown}
 i - 2 potions of agility {unknown}
 j - 2 potions of haste {unknown}
 l - 2 potions of resistance {unknown}
 m - a potion of might {unknown}
Books
 b - a book of Flames
Comestibles
 c - 3 bread rations {@e1}
 k - 2 royal jellies
 p - a chunk of flesh {@w0}


   Skills:
 - Level 2.4 Dodging
 - Level 2.4 Stealth
 - Level 3.0 Spellcasting
 + Level 3.6 Conjurations
 + Level 4.6 Fire Magic


You had 3 spell levels left.
You knew the following spells:

 Your Spells              Type           Power        Failure   Level  Hunger
a - Flame Tongue          Conj/Fire      ###..        2%          1    None
c - Conjure Flame         Conj/Fire      ###.....     7%          3    ###....
x - Throw Flame           Conj/Fire      ###...       3%          2    ##.....


Dungeon Overview and Level Annotations

Branches:
Dungeon (3/15)

Altars:
Qazlal

Annotations:
D:3 Natasha


Message History

Partly explored, can't reach some places.
No monsters, items or features are visible.
There is a stone staircase leading down here.
There is an open door here.
There is an open door here.
You see here a robe.
There is a stone staircase leading up here.
You start putting on your armour.
You continue putting on your cloak. x4
You finish putting on your +0 cloak.
Firing (i - inventory): No suitable missiles.
Okay, then.
Unknown command.
As you read the scroll labeled EFESEP DOHIDD, it crumbles to dust.
You feel strangely unstable.
It was a scroll of teleportation.
Your surroundings suddenly seem different.
Found a stormy altar of Qazlal.
A frilled lizard comes into view.
The frilled lizard hisses angrily.
You see here an orange potion.
Aim: a frilled lizard The flame tongue hits the frilled lizard.
You kill the frilled lizard!
You now have 9/10 mp.
m - an orange potion You are feeling hungry.
MP restored: 10 You may need something to eat soon, looking for food.
Can't find anything matching that.
Sorry, you're not good enough to have a special ability.
Found a stone staircase leading up.
You see here a ring mail.
Partly explored, can't reach some places.
Partly explored, can't reach some places.
Partly explored, can't reach some places.
You see here a ring mail.
No monsters, items or features are visible.
No monsters, items or features are visible.
No monsters, items or features are visible.
No monsters, items or features are visible.
Unknown command.
Really walk into a travel-excluded area?
Unknown command.
Unknown command.
Natasha hisses angrily.
Aim: Natasha The flame tongue hits Natasha.
Natasha barely misses you.
You now have 9/10 mp.
Aim: Natasha (severely wounded)
The flame tongue hits Natasha.
You kill Natasha!
Suddenly Natasha's spirit rises from her lifeless body.
You now have 8/10 mp.
You see here the felid corpse of Natasha.
You butcher the felid corpse of Natasha.
p - 2 chunks of flesh {@w0} Autoeating chunks.
Eating one of 2 chunks of flesh {@w0}.
You eat one of the 2 chunks of flesh {@w0}.
You now have 206 gold pieces (gained 12).
You now have 214 gold pieces (gained 8).
You now have 228 gold pieces (gained 14).
c - 3 bread rations {@e1} (gained 1)
q - a wand of random effects (?/48) MP restored: 10 No target in view!
Okay, then.
Aim: a gnoll, wielding a spear The puff of flame hits the gnoll.
You now have 8/10 mp.
Aim: a gnoll, wielding a spear (severely wounded)
The puff of flame hits the gnoll.
You kill the gnoll!
You now have 6/10 mp.
Aim: a gnoll, wielding a spear (resting)
You miscast Throw Flame.
You are very lightly contaminated with residual magic.
Nothing appears to happen.
The gnoll shouts!
You now have 5/10 mp.
Aim: a gnoll, wielding a spear The puff of flame misses the gnoll.
You now have 3/10 mp.
Aim: a gnoll, wielding a spear
Okay, then.
Natasha, Servant of Life and Death comes into view.
Natasha hisses angrily.
The gnoll hits you from afar with a spear!
Ouch! That really hurt!
You take 13 damage, and have 11/24 hp.
MASSIVE DAMAGE!!
The gnoll hits you with a spear.
You take 1 damage, and have 10/24 hp.
A gnoll comes into view. It is wielding a spear.
The gnoll hits you but does no damage.
The gnoll moves out of view.
The gnoll hits you from afar with a spear.
You take 2 damage, and have 8/24 hp.
The gnoll hits you from afar with a spear!
Ouch! That really hurt!
You die...

#.# #.......##.# ....
#.#################.# ##...
#.#......# #.......=
#.#......###############.##
..'......'........h...##..#
#.#......############h##..##
.........# #.##..g#
.#.......# #########.##...#
.#.###'### #...@.gh..####.##
.#..##.# #.########......#
.##.##.# #.# #.####.##
.##.##.# #.# #.# #..#
.##..#.# #.# #.# ##.##
####.#.# #.# #.# #..# #.#.#
#.### #.# ##.# #.#.# #...#
#.# #.# #.#.# ###.#
#.######.##


You could see Natasha and a gnoll.

Vanquished Creatures
  Natasha (D:3)
  A gnoll (D:3)
  2 adders (D:2)
  An ooze (D:1)
  2 dart slugs (D:2)
  2 leopard geckos
  2 ball pythons
  5 giant cockroaches
  6 goblins
  2 hobgoblins
  5 kobolds
  A quokka (D:2)
  6 bats
  4 frilled lizards
  7 rats
47 creatures vanquished.

Notes
Turn   | Place    | Note
-------+----------+-------------------------------------------
     0 | D:1      | drasked the Deep Elf Fire Elementalist began the quest for the Orb.
     0 | D:1      | Reached XP level 1. HP: 10/10 MP: 6/6
   239 | D:1      | Reached XP level 2. HP: 12/15 MP: 6/8
   374 | D:1      | Reached skill level 2 in Conjurations
   909 | D:1      | Reached skill level 4 in Fire Magic
  1312 | D:1      | Reached XP level 3. HP: 19/19 MP: 4/9
  1316 | D:1      | Learned a level 2 spell: Throw Flame
  1320 | D:1      | Learned a level 3 spell: Conjure Flame
  1723 | D:2      | Reached skill level 3 in Conjurations
  1729 | D:2      | Reached XP level 4. HP: 24/24 MP: 5/10
  2248 | D:3      | Noticed Natasha
  2423 | D:3      | Found a stormy altar of Qazlal.
  2525 | D:3      | Killed Natasha
  2593 | D:3      | Noticed Natasha
  2600 | D:3      | Slain by a gnoll

Vault maps used:
D:1:      dpeg_arrival_court, minivault_19
D:3:      nicolae_qazlal_eye_of_the_storm, first_bread, uniq_natasha

Skill      XL: |  1  2  3 |
---------------+----------+-----
Conjurations   | 2 3 |  3.6
Fire Magic     | 4 |  4.6
Dodging        | |  2.4
Stealth        | |  2.4
Spellcasting   | |  3.0

Action                   |  1- 3 |  4- 6 || total
-------------------------+-------+-------++-------
Melee: Whip              |     7 |     3 ||    10
 Cast: Flame Tongue      |    59 |     7 ||    66
       Throw Flame       |       |     3 ||     3
  Use: Scroll            |       |     1 ||     1
 Stab: Sleeping          |     3 |       ||     3
  Eat: Chunk             |     2 |     3 ||     5
Armor: Robe              |     3 |     4 ||     7
Dodge: Dodged            |    14 |     2 ||    16

Vault maps used:
D:1:      dpeg_arrival_court, minivault_19
D:3:      nicolae_qazlal_eye_of_the_storm, first_bread, uniq_natasha

Table legend:
 A = Turns spent in this place as a percentage of turns spent in the entire game.
 B = Non-inter-level travel turns spent in this place as a percentage of non-inter-level travel turns spent in the entire game.
 C = Inter-level travel turns spent in this place as a percentage of turns spent in this place.
 D = Turns resting spent in this place as a percentage of non-inter-level travel turns spent in this place.
 E = Turns spent auto-exploring this place as a percentage of non-inter-level travel turns spent in this place.
 F = Non-inter-level travel turns spent in this place divided by the number of levels of this place that you've seen.
                   A       B       C       D       E      F
               +-------+-------+-------+-------+-------+----------------------
         Total | 100.0 | 100.0 |   0.6 |   1.5 |  13.0 | 223.3
       Dungeon | 100.0 | 100.0 |   0.6 |   1.5 |  13.0 | 223.3
               +-------+-------+-------+-------+-------+----------------------

Table legend:
 A = Kills in this place as a percentage of kills in entire the game.
 B = Kills by you in this place as a percentage of kills by you in the entire game.
 C = Kills by friends in this place as a percentage of kills by friends in the entire game.
 D = Other kills in this place as a percentage of other kills in the entire game.
 E = Experience gained in this place as a percentage of experience gained in the entire game.
 F = Experience gained in this place divided by the number of levels of this place that you have seen.
                   A       B       C       D       E      F
               +-------+-------+-------+-------+-------+----------------------
         Total | 100.0 | 100.0 |  -nan |  -nan | 100.0 |  51.3
       Dungeon | 100.0 | 100.0 |  -nan |  -nan | 100.0 |  51.3
               +-------+-------+-------+-------+-------+----------------------
